 Dungeon Crawl Stone Soup version 0.23.2-1-ga50397a (webtiles) character file.

Game seed: 13950857876025737274

277 schauveau the Slinger (level 6, -5/39 HPs)
             Began as a Halfling Hunter on May 5, 2019.
             Was a Follower of Dithmenos.
             Splashed by a jelly's acid (9 damage)
             ... on level 5 of the Dungeon.
             The game lasted 00:06:31 (3913 turns).

schauveau the Slinger (Halfling Hunter)             Turns: 3913, Time: 00:06:32

Health: -5/39      AC:  4    Str: 13    XL:     6   Next: 51%
Magic:  15/15      EV: 15    Int:  9    God:    Dithmenos [*.....]
Gold:   197        SH:  0    Dex: 17    Spells: 5/5 levels left

rFire    . . .     SeeInvis .   a - +1 hunting sling
rCold    + . .     Gourm    .   (shield restricted)
rNeg     . . .     Faith    .   c - +0 leather armour
rPois    .         Spirit   .   F - +0 helmet
rElec    .         Reflect  .   (no cloak)
rCorr    .         Harm     .   (no gloves)
MR       .....                  (no boots)
Stlth    ++........             (no amulet)
HPRegen  0.13/turn              t - ring of magical power
MPRegen  0.14/turn              A - ring of protection from cold

@: wreathed by umbra
A: small, mutation resistance 1
a: Renounce Religion


You were on level 5 of the Dungeon.
You worshipped Dithmenos.
Dithmenos was aware of your devotion.
You were not hungry.

You visited 2 branches of the dungeon, and saw 6 of its levels.

You collected 197 gold pieces.

Inventory:

Hand Weapons
 a - a +1 hunting sling (weapon)
 b - a +2 dagger of speed
 g - a +0 short sword
 w - a +0 blowgun
Missiles
 d - 49 sling bullets (quivered)
 j - 32 bolts
 k - 51 arrows
 m - 151 stones
 x - 7 poisoned needles
 D - 2 tomahawks
Armour
 c - a +0 leather armour (worn)
 F - a +0 helmet (worn)
Jewellery
 t - a ring of magical power (left hand)
 A - a ring of protection from cold (right hand)
Scrolls
 e - 3 scrolls of enchant armour {unknown}
 h - a scroll of teleportation {unknown}
 i - 2 scrolls of identify {unknown}
 o - a scroll of noise {unknown}
 p - 3 scrolls of blinking {unknown}
 q - a scroll of fear {unknown}
 r - 3 scrolls of remove curse {unknown}
 u - 2 scrolls of random uselessness {unknown}
 y - 2 scrolls of enchant weapon {unknown}
 B - a scroll of magic mapping {unknown}
 C - a scroll of amnesia {unknown}
 E - a scroll of fog {unknown}
Potions
 l - a potion of invisibility {unknown}
 n - 2 potions of berserk rage {unknown}
 s - a potion of curing {unknown}
 v - a potion of degeneration {unknown}
 z - 2 potions of haste {unknown}
Comestibles
 f - 6 rations
 G - 9 chunks of flesh


   Skills:
 + Level 2.2 Fighting
 * Level 9.6 Slings
 + Level 1.0 Armour
 + Level 2.6 Dodging
 + Level 2.0 Stealth


You had 5 spell levels left.
You didn't know any spells.
Your spell library was empty.

Dungeon Overview and Level Annotations

Branches:
Dungeon (5/15)             Temple (1/1) D:4

Altars:
Ashenzari
Cheibriados
Dithmenos
Elyvilon
Fedhas
Gozag
Kikubaaqudgha
Makhleb
Okawaru
Sif Muna
Uskayaw
Vehumet
Wu Jian
Xom
The Shining One

Annotations:
D:2 Sigmund


Innate Abilities, Weirdness & Mutations

You are small and have problems with some larger weapons.
You are somewhat resistant to further mutation.


Message History

a +0 dagger; a +0 robe; an orc skeleton A jelly comes into view.
The jelly quivers.
You hit the jelly but do no damage.
Your hands burn!
You hit the jelly.
Your hands burn!
The jelly is lightly wounded.
The jelly hits you.
You are splashed with acid.
* * * LOW HITPOINT WARNING * * *
You hit the jelly.
Your hands burn!
* * * LOW HITPOINT WARNING * * *
The jelly is moderately wounded.
The jelly hits you but does no damage.
You hit the jelly.
Your hands burn!
* * * LOW HITPOINT WARNING * * *
The jelly is heavily wounded.
a - a +1 hunting sling (weapon)
The jelly hits you.
* * * LOW HITPOINT WARNING * * *
You are splashed with acid!
You die...

>.....# #.#
#.#.#..#######.#
#.............#
##.##.######..##
###.### ##...##
#.....# #.....#
####.....###..>..#
..................#
.####.....####..@####
#.....##...)J...#
###.####.#.#.##.# #..
...#.#.#..#
######.#.#..#
#.#.#.#..# ..#.#.#..#
#........$#
####≈≈≈≈≈.#


You could see a jelly.

Vanquished Creatures
  A hound (D:4)
  2 orc priests
  A bullfrog skeleton (D:4)
  An orc wizard (D:5)
  Robin (D:2)
  A howler monkey skeleton (D:4)
  An adder (D:3)
  2 oozes
  An adder skeleton (D:4)
  A worm (D:4)
  A dart slug (D:1)
  2 leopard geckos
  9 orcs
  2 giant cockroaches
  15 goblins
  10 hobgoblins
  3 jackals (D:3)
  2 quokkas
  2 ball pythons
  8 bats
  2 frilled lizards
  6 kobolds
  5 rats
79 creatures vanquished.

Vanquished Creatures (others)
  An orc (D:3)
1 creature vanquished.

Grand Total: 80 creatures vanquished

Notes
Turn   | Place    | Note
-------+----------+-------------------------------------------
     0 | D:1      | schauveau the Halfling Hunter began the quest for the Orb.
     0 | D:1      | Reached XP level 1. HP: 14/14 MP: 1/1
    44 | D:1      | Reached skill level 6 in Slings
   128 | D:1      | Reached XP level 2. HP: 13/19 MP: 2/2
   341 | D:1      | Reached skill level 7 in Slings
   341 | D:1      | Reached XP level 3. HP: 20/24 MP: 3/3
   405 | D:2      | Noticed Sigmund
   809 | D:2      | Found a snail-covered altar of Cheibriados.
  1129 | D:3      | Reached XP level 4. HP: 29/29 MP: 4/4
  1308 | D:3      | Reached skill level 8 in Slings
  1357 | D:3      | Found a white marble altar of Elyvilon.
  1740 | D:4      | Reached XP level 5. HP: 34/34 MP: 5/5
  1771 | D:4      | Reached skill level 9 in Slings
  1776 | D:4      | Found a staircase to the Ecumenical Temple.
  1784 | Temple   | Entered the Ecumenical Temple
  1912 | Temple   | Became a worshipper of Dithmenos the Shadowed
  2630 | D:2      | Found a deep blue altar of Sif Muna.
  2688 | D:2      | Found a burning altar of Makhleb.
  2688 | D:2      | Found a radiant altar of Vehumet.
  2693 | D:2      | Found an opulent altar of Gozag.
  2695 | D:2      | Found a faded altar of an unknown god.
  2697 | D:2      | Found an iron altar of Okawaru.
  2722 | D:2      | Noticed Robin
  2741 | D:2      | Killed Robin
  2755 | D:2      | Reached * piety under Dithmenos
  3134 | D:4      | Reached XP level 6. HP: 26/39 MP: 6/6
  3825 | D:5      | Entered Level 5 of the Dungeon
  3887 | D:5      | Reached skill level 1 in Armour
  3913 | D:5      | Splashed by a jelly's acid

Skill      XL: |  1  2  3  4  5  6 |
---------------+-------------------+-----
Slings         | 6 7 8 9 |  9.6
Fighting       | 2 |  2.2
Armour         | 1 |  1.0
Stealth        | 2 |  2.0
Dodging        | |  2.6

Action                   |  1- 3 |  4- 6 || total
-------------------------+-------+-------++-------
Melee: Short sword       |     7 |       ||     7
       Dagger            |    69 |   167 ||   236
 Fire: Hunting sling     |    22 |    42 ||    64
 Stab: Sleeping          |     1 |     3 ||     4
  Eat: Chunk             |     1 |     5 ||     6
       Ration            |       |     1 ||     1
Armor: Leather armour    |    15 |    12 ||    27
Dodge: Dodged            |    51 |   100 ||   151
